 Dungeon Crawl Stone Soup version 0.31-a0-631-g285b096dc4 (webtiles) character file.

Game seed: 15869051281670573710

394 HoaS the Shooter (level 7, -1/50 HPs)
             Began as a Formicid Hunter on Aug 26, 2023.
             Succumbed to a gnoll's poison
             ... on level 3 of the Dungeon.
             The game lasted 00:11:26 (3187 turns).

HoaS the Shooter (Formicid Hunter)                  Turns: 3187, Time: 00:11:26

Health: -1/50      AC:  4    Str: 15    XL:     7   Next: 9%
Magic:  0/7        EV: 12    Int:  9    God:
Gold:   206        SH:  0    Dex: 19    Spells: 6/6 levels left

rFire   . . .        a - +1 shortbow
rCold   + . .        (no shield)
rNeg    . . .        c - +0 leather armour
rPois   .            (helmet unavailable)
rElec   .            i - +0 cloak
rCorr   .            (no gloves)
SInv    +            (no boots)
Will    .....        g - amulet of guardian spirit
Stlth   ++           j - ring of protection from cold
HPRegen 0.28/turn    (no ring)
MPRegen 0.10/turn

%: guardian spirit
@: lethally poisoned (-1 -> -5)
A: permanent stasis, dig shafts and tunnels, antennae 3, four strong arms
a: Dig, Shaft Self


You were on level 3 of the Dungeon.
You visited 1 branch of the dungeon, and saw 4 of its levels.

You collected 206 gold pieces.

Inventory:

Hand Weapons
 a - a +1 shortbow (weapon)
Armour
 c - a +0 leather armour (worn)
 e - a +0 scale mail
 h - a +0 ring mail
 i - a +0 cloak (worn)
Jewellery
 g - an amulet of guardian spirit (around neck)
 j - a ring of protection from cold (left hand)
Scrolls
 b - a scroll of butterflies
 d - 2 scrolls of identify
 l - a scroll of revelation
Potions
 f - 3 potions of lignification
 k - 2 potions of curing
 n - a potion of heal wounds


   Skills:
 - Level 2.1 Fighting
 + Level 7.9 Ranged Weapons
 - Level 1.7 Dodging
 - Level 1.2 Stealth


You had 6 spell levels left.
You didn't know any spells.
Your spell library contained the following spells:

 Spells                   Type           Power      Damage    Failure   Level
 Call Canine Familiar     Summ           0%         N/A       83%         3
 Portal Projectile        Hex/Tloc       0%         N/A       83%         3
 Leda's Liquefaction      Hex/Erth       0%         N/A       99%         4


Dungeon Overview and Level Annotations

Branches:
Dungeon (4/15)
 Temple: D:4-7

Altars:
Nemelex Xobeh


Innate Abilities, Weirdness & Mutations

You cannot be hasted, slowed, berserked, paralysed or teleported.
You can dig through walls and to a lower floor.
You have a pair of large antennae on your head. (SInv)
Your four strong arms can wield two-handed weapons with a shield.


Message History

You shoot an arrow. The arrow hits the hound.
The hound is severely wounded.
The hound bites you.
You shoot an arrow. The arrow hits the hound.
You kill the hound!
No target in view!
You start resting.
Magic restored.
You start resting.
HP restored.
You climb downwards.
The gnoll hits you but does no damage.
The gnoll hits you with a +2 whip of venom!
You are poisoned.
The hobgoblin closely misses you. The gnoll hits you with a +0 whip!
There is a stone staircase leading up, spattered with blood here.
You feel very sick.
The gnoll hits you with a +2 whip of venom.
You are more poisoned.
The hobgoblin closely misses you. The gnoll hits you with a +0 whip.
You climb upwards.
You feel very sick.
There is a stone staircase leading down, spattered with blood here.
You feel very sick. The hobgoblin misses you.
The gnoll hits you with a +0 whip.
* * * LOW HITPOINT WARNING * * *
* * * LOW HITPOINT WARNING * * *
You feel very sick. The hobgoblin hits you.
* * * LOW HITPOINT WARNING * * *
* * * LOW HITPOINT WARNING * * *
You feel sick. The gnoll attacks as it pursues you!
The gnoll barely misses you.
* * * LOW HITPOINT WARNING * * *
You feel sick. The gnoll attacks as it pursues you!
The gnoll closely misses you. The gnoll attacks as it pursues you!
The gnoll hits you with a +0 whip.
* * * LOW HITPOINT WARNING * * *
There is an open door, spattered with blood here.
Items here: )))) [[[.
You die...

### ########.....# ..# ######
#......##.####
..###....####..†.).##.#
..'.'.......'...>..##.#
..###....####......##.#########
..# #....# #......##.........#
### #....####..ggg.##########.#
#.......####)##### #.#
#.......# #@#...########.#
####....# #.#.#.#........#
###### #...#.#.########
#.###.#.# #.# #...# #.# #####
#.# #.# #.#


You could see 2 gnolls and a hobgoblin.

Vanquished Creatures
  A phantom (D:4)
  A hound (D:3)
  An orc priest (D:3)
  2 orc wizards (D:3)
  7 gnolls
  5 adders
  4 dart slugs
  2 worms
  7 orcs (D:3)
  3 bats
  9 endoplasms
  5 giant cockroaches
  5 goblins
  8 hobgoblins
  3 jackals (D:1)
  6 kobolds
  2 quokkas
  3 ball pythons
  4 frilled lizards
  6 rats
84 creatures vanquished.

Notes
Turn   | Place    | Note
-------+----------+-------------------------------------------
     0 | D:1      | HoaS the Formicid Hunter began the quest for the Orb.
     0 | D:1      | Reached XP level 1. HP: 16/16 MP: 1/1
    65 | D:1      | Reached XP level 2. HP: 22/22 MP: 2/2
   348 | D:1      | Reached XP level 3. HP: 27/27 MP: 3/3
   578 | D:1      | Reached skill level 5 in Ranged Weapons
   902 | D:2      | Found a sparkling altar of Nemelex Xobeh.
  1079 | D:2      | Reached XP level 4. HP: 23/33 MP: 4/4
  1415 | D:2      | Reached XP level 5. HP: 38/38 MP: 5/5
  1528 | D:2      | Reached skill level 6 in Ranged Weapons
  2254 | D:3      | Reached XP level 6. HP: 28/44 MP: 4/6
  2517 | D:3      | Reached skill level 7 in Ranged Weapons
  3072 | D:4      | Reached XP level 7. HP: 50/50 MP: 7/7
  3186 | D:3      | HP: 1/50 [gnoll/+0 whip[a gnoll bouda] (4)]
  3187 | D:3      | Succumbed to a gnoll's poison

Illustrated notes

Levels and vault maps discovered:
D:1:      spicycebolla_arrival_xxxplode, layout_loops_ring
D:2:      layout_loops_corners, basic_altar, kennysheep_generic_room_9
D:3:      layout_basic
D:4:      layout_cave_pools

Skill      XL: |  1  2  3  4  5  6 |
---------------+-------------------+-----
Ranged Weapons | 5 6 7 |  7.9
Fighting       | |  2.1
Dodging        | |  1.7
Stealth        | |  1.2

Action                     |  1- 3 |  4- 6 |  7- 9 || total
---------------------------+-------+-------+-------++-------
   Fire: Shortbow          |    85 |   167 |    12 ||   264
    Use: Scroll            |     2 |    11 |       ||    13
 Armour: Leather armour    |     6 |    15 |     8 ||    29
  Dodge: Dodged            |    16 |    55 |    21 ||    92

Table legend: (Time is in decaauts)
 A = Elapsed time spent in this place.
 B = Non-inter-level travel time spent in this place.
 C = Inter-level travel time spent in this place.
 D = Time resting spent in this place.
 E = Time spent auto-exploring this place.
 F = Levels seen in this place.
 G = Mean time per level.
                   A        B        C        D        E       F      G
               +--------+--------+--------+--------+--------+-----+--------+
         Total |   3222 |   3121 |    101 |    621 |   1871 |   4 |  805.5 |
       Dungeon |   3222 |   3121 |    101 |    621 |   1871 |   4 |  805.5 |
               +--------+--------+--------+--------+--------+-----+--------+

Top non-repeatable levels by time:
     D:2: 1141 daAuts
     D:3: 995 daAuts
     D:1: 838 daAuts
     D:4: 247 daAuts
